Map: Cactus Valley LE (Void)

Players

TRUE

  • Race: Zerg Zerg
  • Spawn Location: 5:00

Nerchio - Winner!

  • Race: Zerg Zerg
  • Spawn Location: 11:00

Event: IEM XI Katowice - World Championship 2017

VOD

Have the link to the VOD?

Description

Time

  • Played on: March 2, 2017, 11:35 p.m.
  • Length: 6:56

All games in this series

Show
View Real Time Build Order
Export as new Build Order

TRUE Zerg 

Build Orders: Hatch First, Zergling Baneling 

Get SALT Encoding   

  12  0:00  Drone  
  13  0:12  Overlord  
  13  0:17  Drone  
  14  0:30  Drone  
  14  0:31  Drone  
  16  0:36  Drone  
  17  0:51  Hatchery  
  17  0:55  Drone  
  17  1:09  Spawning Pool  
  17  1:10  Extractor  
  15  1:14  Drone  
  15  1:17  Drone  
  17  1:20  Drone  
  18  1:31  Drone  
  19  1:37  Overlord  
  19  1:55  Queen  
  19  1:57  Zergling x2  
  19  2:00  Zergling x2  
  23  2:03  Zergling x2, Queen  
  26  2:13  Metabolic Boost  
  26  2:30  Drone  
  26  2:31  Drone x4  
  26  2:35  Baneling Nest  
  30  2:42  Queen  
  32  2:46  Drone  
  33  2:53  Drone x2  
  33  2:57  Overlord  
  35  3:03  Drone  
  36  3:17  Hatchery  
  35  3:20  Baneling x2  
  35  3:21  Zergling x2  
  35  3:24  Zergling x4  
  38  3:30  Baneling x2  
  38  3:40  Overlord  
  38  3:41  Drone x3  
  39  3:42  Drone  
  39  3:44  Drone  
  39  3:45  Drone  
  44  3:55  Overlord  
  44  4:01  Drone  
  44  4:02  Drone  
  46  4:09  Drone x3  
  47  4:10  Drone  
  48  4:19  Drone x2  
  48  4:23  Overlord  
  50  4:24  Drone x3  
  52  4:31  Baneling  
  52  4:32  Zergling x4, Baneling  
  52  4:35  Evolution Chamber, Extractor  
  52  4:39  Zergling x4  
  52  4:40  Zergling x2  
  52  4:42  Queen  
  52  4:43  Zergling x2, Queen  
  60  4:47  Overlord  
  60  4:53  Baneling x2  
  58  5:07  Drone  
  58  5:08  Drone x10  
  58  5:12  Drone  
  70  5:19  Overlord  
  70  5:24  Overlord  
  70  5:33  Drone x3  
  73  5:35  Lair, Overlord, Extractor  
  73  5:37  Roach Warren, Overlord  
  73  5:39  Overlord  
  73  5:42  Overlord  
  71  5:47  Zergling x2  
  71  5:48  Zergling x10  
  77  5:52  Spine Crawler  
  77  5:53  Zergling x4  
  77  5:55  Zergling x4  
  81  5:57  Zergling x2  
  81  6:09  Zergling x2  
  81  6:10  Zergling x2  
  81  6:11  Zergling x12  
  82  6:12  Zergling x2  
  82  6:16  Zergling x2  
  82  6:18  Zergling x4  
  82  6:24  Roach  
  83  6:29  Roach x2  
  83  6:31  Roach x2  
  83  6:32  Roach  
  86  6:35  Roach  
Show
View Real Time Build Order
Export as new Build Order

Nerchio Zerg - Winner!

Build Orders: Pool First 

Get SALT Encoding   

  12  0:00  Drone  
  13  0:12  Overlord  
  13  0:18  Drone  
  14  0:31  Drone x2  
  14  0:34  Drone  
  17  0:46  Drone  
  17  0:49  Spawning Pool  
  17  0:56  Drone  
  18  1:12  Hatchery  
  18  1:16  Extractor, Drone  
  17  1:20  Drone  
  18  1:35  Queen  
  18  1:36  Zergling x2  
  18  1:39  Overlord  
  21  1:49  Drone  
  22  2:02  Zergling x2  
  23  2:11  Queen, Drone  
  26  2:17  Metabolic Boost  
  26  2:23  Queen  
  26  2:27  Drone x2  
  30  2:32  Drone  
  30  2:34  Drone  
  32  2:42  Baneling Nest  
  32  2:43  Zergling x2  
  32  2:47  Overlord  
  32  2:52  Drone x2  
  32  2:57  Drone x2  
  35  3:07  Drone x2  
  37  3:14  Drone  
  37  3:19  Drone x3  
  41  3:28  Hatchery  
  41  3:30  Zergling x2  
  41  3:33  Overlord  
  41  3:36  Drone  
  42  3:44  Baneling  
  42  3:48  Overlord  
  42  3:51  Queen  
  44  3:56  Baneling  
  44  3:58  Queen  
  46  4:06  Zergling x2  
  46  4:07  Drone x5  
  50  4:11  Drone x3  
  50  4:12  Drone  
  50  4:13  Drone  
  55  4:21  Zergling x4  
  55  4:22  Zergling x2  
  55  4:23  Zergling x2  
  59  4:25  Overlord  
  59  4:27  Overlord  
  58  4:35  Roach Warren  
  58  4:37  Extractor  
  56  4:39  Evolution Chamber  
  56  4:43  Drone  
  56  4:44  Drone x3  
  59  4:47  Extractor  
  58  4:53  Zergling x4  
  58  4:54  Spine Crawler  
  59  5:03  Zergling x2  
  59  5:06  Overlord  
  59  5:15  Roach x7  
  59  5:20  Overlord  
  73  5:24  Roach  
  73  5:25  Roach  
  73  5:27  Roach  
  79  5:30  Roach  
  81  5:36  Zergling x8  
  81  5:37  Baneling  
  81  5:38  Baneling  
  81  5:40  Zergling x2  
  86  5:43  Zergling x4  
  86  5:46  Zergling x2  
  86  5:47  Baneling x3  
  86  5:49  Zergling x2  
  90  5:51  Zergling x2  
  90  5:53  Zergling x2  
  90  5:55  Overlord  
  92  5:59  Overlord  
  91  6:09  Overlord  
  89  6:12  Overlord  
  89  6:16  Overlord  
  89  6:18  Zergling x10  
  93  6:20  Zergling x2  
  93  6:21  Zergling x2, Ravager  
  97  6:25  Zergling x4  
  97  6:32  Ravager x2  
  99  6:34  Zergling x6  
  99  6:35  Zergling x4  
  99  6:38  Zergling x2  

Tags
 
Add a new tag
Caveats
  • Supply blocks, unpowered buildings, or Contaminate may cause inaccurate times.
  • Supply counts are checked every 10 seconds.